 Dungeon Crawl Stone Soup version 0.29-a0-577-gafbf2c5d25 (webtiles) character file.

Game seed: 4336007490077032999

277 croobank the Covert (level 6, -4/53 HPs)
             Began as a Gnoll Delver on June 13, 2022.
             Slain by a water moccasin (7 damage)
             ... on level 4 of the Dungeon.
             The game lasted 00:21:04 (3195 turns).

croobank the Covert (Gnoll Delver)                  Turns: 3195, Time: 00:21:04

Health: -4/53      AC:  5    Str: 11 (12) XL:     6   Next: 25%
Magic:  8/8        EV: 13    Int:  9 (11) God:
Gold:   131        SH:  0    Dex: 12 (15) Spells: 8/8 levels left

rFire   . . .      SeeInvis .   a - +1 hand axe
rCold   + . .      Faith    .   (no shield)
rNeg    . . .      Spirit   .   o - +2 leather armour of Kynak {Will+}
rPois   .          Reflect  .   (no helmet)
rElec   .          Harm     .   (no cloak)
rCorr   .          Rampage  .   (no gloves)
Will    +++..                   (no boots)
Stlth   ++++......              h - amulet of regeneration
HPRegen 0.97/turn               l - ring of protection from cold
MPRegen 0.11/turn               q - ring of willpower

@: lethally poisoned (-4 -> -6), hasted, very quick
A: fangs 1, strong nose, distributed training, agile 1, strong-willed 1,
MP-powered wands
a: no special abilities


You were on level 4 of the Dungeon.
You visited 1 branch of the dungeon, and saw 5 of its levels.

You collected 186 gold pieces.
You spent 55 gold pieces at shops.

Inventory:

Hand Weapons
 a - a +1 hand axe (weapon)
 b - a +0 hunting sling
 d - a +0 short sword
 m - a +3 halberd
 n - a +0 rapier
 u - a +0 dagger
 v - a +0 hunting sling
Armour
 i - a +1 ring mail
 o - the +2 leather armour of Kynak (worn) {Will+}
   (You found it on level 3 of the Dungeon)

   Will:      It increases your willpower.
Jewellery
 h - an amulet of regeneration (around neck)
 l - a ring of protection from cold (left hand)
 q - a ring of willpower (right hand)
 y - a ring of positive energy
Wands
 g - a wand of digging (3)
Scrolls
 c - 2 scrolls of fog
Potions
 A - a potion of flight


   Skills:
 + Level 6.8 Fighting
 + Level 1.9 Short Blades
 + Level 1.9 Long Blades
 + Level 4.9 Axes
 + Level 1.9 Maces & Flails
 + Level 1.9 Polearms
 + Level 1.9 Staves
 + Level 1.9 Slings
 + Level 1.9 Bows
 + Level 1.9 Crossbows
 + Level 1.9 Throwing
 + Level 1.9 Armour
 + Level 4.9 Dodging
 + Level 9.7 Stealth
 + Level 1.9 Shields
 + Level 1.9 Unarmed Combat
 + Level 1.9 Spellcasting
 + Level 1.5 Conjurations
 + Level 1.5 Hexes
 + Level 1.5 Summonings
 + Level 1.5 Necromancy
 + Level 1.5 Translocations
 + Level 1.5 Transmutations
 + Level 1.5 Fire Magic
 + Level 1.5 Ice Magic
 + Level 1.5 Air Magic
 + Level 1.5 Earth Magic
 + Level 1.5 Poison Magic
 + Level 2.1 Invocations
 + Level 1.9 Evocations


You had 8 spell levels left.
You didn't know any spells.
Your spell library contained the following spells:

 Spells                   Type           Power      Damage    Failure   Level
 Summon Small Mammal      Summ           12%        N/A       24%         1
 Call Canine Familiar     Summ           3%         N/A       58%         3
 Ozocubu's Armour         Ice            3%         N/A       58%         3
 Summon Guardian Golem    Hex/Summ       3%         N/A       58%         3
 Olgreb's Toxic Radiance  Pois           3%         N/A       94%         4
 Ozocubu's Refrigeration  Ice            1%         4d5       100%        7
 Ignition                 Fire           1%         3d3       100%        8


Dungeon Overview and Level Annotations

Branches:
Dungeon (5/15)
 Temple: D:4-7

Altars:
Elyvilon
Wu Jian
Yredelemnul

Shops:
D:3 !

Annotations:
D:2 Sigmund


Innate Abilities, Weirdness & Mutations

You have very sharp teeth.
Your uncanny sense of smell can sniff out nearby items.
Your experience applies equally to all skills.
You are agile. (Dex +2)
You are strong-willed. (Will+)
You expend magic power (3 MP) to strengthen your wands.


Message History

The water moccasin is severely wounded.
You feel yourself speed up. The water moccasin bites you.
* * * LOW HITPOINT WARNING * * *
The water moccasin barely misses you.
Your surroundings suddenly seem different.
You start resting.
You are starting to lose your buoyancy.
You start resting.
A water moccasin is nearby!
Okay, then.
Okay, then.
You recover from your berserk rage.
There is an open door here.
It was a potion of attraction.
You feel attractive to monsters.
You float gracefully downwards.
The water moccasin bites you!
You barely miss the water moccasin.
The water moccasin is heavily wounded.
The water moccasin bites you.
* * * LOW HITPOINT WARNING * * *
You are poisoned.
The water moccasin poisons you!
Your magical effects are unravelling.
You feel magically purged.
You feel a little less clever now.
* * * LOW HITPOINT WARNING * * *
You feel very sick. The water moccasin misses you.
The water moccasin bites you.
* * * LOW HITPOINT WARNING * * *
You feel less attractive to monsters.
You feel yourself speed up.
* * * LOW HITPOINT WARNING * * *
You feel very sick. The water moccasin barely misses you.
* * * LOW HITPOINT WARNING * * *
You feel sick.
* * * LOW HITPOINT WARNING * * *
You feel sick. The water moccasin bites you!
You die...

.#....##
#............#♣.)_..♣♣
.######
#............#♣.......
.#
#............#♣.......
.#
#.....####+..#♣.......
.#
#.....#......#♣♣......
.#
#.....#......###♣♣♣...
.#
###'###........####♣♣♣
##
#...S........#....####
.#
#....@................
.#
#.......>....###......
.# #.........<..#
####### ##
##############


You could see a water moccasin.

Vanquished Creatures
  Menkaure (D:4)
  An orc wizard (D:4)
  3 gnolls (D:3)
  4 adders
  An ufetubus (D:4)
  A worm (D:3)
  2 dart slugs
  3 orcs (D:4)
  10 ball pythons
  4 bats (D:1)
  4 endoplasms
  A giant cockroach (D:3)
  4 goblins
  4 hobgoblins
  4 jackals
  A frilled lizard (D:3)
  4 kobolds
  8 rats
60 creatures vanquished.

Vanquished Creatures (collateral kills)
  A hobgoblin (D:2)
  A bat (D:2)
  A kobold (D:2)
3 creatures vanquished.

Grand Total: 63 creatures vanquished

Notes
Turn   | Place    | Note
-------+----------+-------------------------------------------
     0 | D:5      | Reached skill level 9 in Stealth
     0 | D:5      | croobank the Gnoll Delver began the quest for the Orb.
     0 | D:5      | Reached XP level 1. HP: 23/23 MP: 1/1
     9 | D:5      | Noticed a phantom
    40 | D:5      | Noticed an orc wizard
   359 | D:4      | Noticed an iguana
   456 | D:3      | Reached XP level 2. HP: 7/29 MP: 2/2
   493 | D:3      | Identified the +2 leather armour of Kynak {Will+}
   545 | D:2      | Noticed Sigmund
   852 | D:1      | Reached XP level 3. HP: 35/35 MP: 3/3
   864 | D:1      | Found a faded altar of an unknown god.
  1751 | D:2      | Reached skill level 1 in Invocations
  2014 | D:3      | Found Pouts's Distillery.
  2025 | D:3      | Bought a potion of berserk rage for 55 gold pieces
  2052 | D:3      | Reached skill level 1 in Short Blades
  2052 | D:3      | Reached skill level 1 in Long Blades
  2052 | D:3      | Reached skill level 1 in Maces & Flails
  2052 | D:3      | Reached skill level 1 in Polearms
  2052 | D:3      | Reached skill level 1 in Staves
  2052 | D:3      | Reached skill level 1 in Slings
  2052 | D:3      | Reached skill level 1 in Bows
  2052 | D:3      | Reached skill level 1 in Crossbows
  2052 | D:3      | Reached skill level 1 in Throwing
  2052 | D:3      | Reached skill level 1 in Armour
  2052 | D:3      | Reached skill level 1 in Shields
  2052 | D:3      | Reached skill level 1 in Unarmed Combat
  2052 | D:3      | Reached skill level 1 in Spellcasting
  2052 | D:3      | Reached skill level 1 in Evocations
  2052 | D:3      | Reached XP level 4. HP: 41/41 MP: 5/5
  2061 | D:3      | Reached skill level 1 in Conjurations
  2061 | D:3      | Reached skill level 1 in Hexes
  2061 | D:3      | Reached skill level 1 in Summonings
  2061 | D:3      | Reached skill level 1 in Necromancy
  2061 | D:3      | Reached skill level 1 in Translocations
  2061 | D:3      | Reached skill level 1 in Transmutations
  2061 | D:3      | Reached skill level 1 in Fire Magic
  2061 | D:3      | Reached skill level 1 in Ice Magic
  2061 | D:3      | Reached skill level 1 in Air Magic
  2061 | D:3      | Reached skill level 1 in Earth Magic
  2061 | D:3      | Reached skill level 1 in Poison Magic
  2244 | D:3      | Found an ornate altar of the Wu Jian Council.
  2638 | D:4      | Noticed Menkaure
  2647 | D:4      | Killed Menkaure
  2648 | D:4      | Reached XP level 5. HP: 47/47 MP: 5/7
  2709 | D:4      | Reached XP level 6. HP: 53/53 MP: 8/8
  2935 | D:4      | Found a white marble altar of Elyvilon.
  3001 | D:4      | Found a basalt altar of Yredelemnul.
  3117 | D:5      | Noticed a water moccasin
  3160 | D:4      | Gained mutation: You are agile. (Dex +2) [potion of
                  | mutation]
  3160 | D:4      | Gained mutation: You are strong-willed. (Will+) [potion of
                  | mutation]
  3160 | D:4      | Gained mutation: You expend magic power (3 MP) to
                  | strengthen your wands. [potion of mutation]
  3195 | D:4      | Slain by a water moccasin

Illustrated notes

Levels and vault maps discovered:
D:1:      dpeg_arrival_stone_temple_mockup, layout_basic,
          hellmonk_ecumenical_altar_inner_sanctum
D:2:      layout_rooms, uniq_sigmund
D:3:      layout_rooms, pdpol_wu_jian_five_deadly_venoms, serial_shops, shop
D:4:      layout_gridville, kennysheep_ying_yang, uniq_menkaure
D:5:      layout_gridville, grunt_qazlal_sundering,
          nicolae_overflow_crystal_walls, grunt_decor_junction, nrook_uturn,
          due_unseen_surprise

Skill      XL: |  1  2  3  4  5  6 |
---------------+-------------------+-----
Stealth        | |  9.7
Invocations    | 1 2 |  2.1
Short Blades   | 1 |  1.9
Long Blades    | 1 |  1.9
Maces & Flails | 1 |  1.9
Polearms       | 1 |  1.9
Staves         | 1 |  1.9
Slings         | 1 |  1.9
Bows           | 1 |  1.9
Crossbows      | 1 |  1.9
Throwing       | 1 |  1.9
Armour         | 1 |  1.9
Shields        | 1 |  1.9
Unarmed Combat | 1 |  1.9
Spellcasting   | 1 |  1.9
Evocations     | 1 |  1.9
Conjurations   | 1 |  1.5
Hexes          | 1 |  1.5
Summonings     | 1 |  1.5
Necromancy     | 1 |  1.5
Translocations | 1 |  1.5
Transmutations | 1 |  1.5
Fire Magic     | 1 |  1.5
Ice Magic      | 1 |  1.5
Air Magic      | 1 |  1.5
Earth Magic    | 1 |  1.5
Poison Magic   | 1 |  1.5
Fighting       | |  6.8
Axes           | |  4.9
Dodging        | |  4.9

Action                   |  1- 3 |  4- 6 || total
-------------------------+-------+-------++-------
Melee: Hand axe          |    98 |    56 ||   154
       Bite              |     1 |     4 ||     5
       Dagger            |     1 |     1 ||     2
       Halberd           |       |    28 ||    28
       Punch             |       |     1 ||     1
  Use: Scroll            |    10 |     5 ||    15
       Potion            |     3 |    12 ||    15
 Stab: Sleeping          |    11 |     8 ||    19
       Distracted        |       |     1 ||     1
Armor: Ring mail         |     9 |       ||     9
       Leather armour    |    23 |    45 ||    68
Dodge: Dodged            |    74 |    96 ||   170

Table legend: (Time is in decaauts)
 A = Elapsed time spent in this place.
 B = Non-inter-level travel time spent in this place.
 C = Inter-level travel time spent in this place.
 D = Time resting spent in this place.
 E = Time spent auto-exploring this place.
 F = Levels seen in this place.
 G = Mean time per level.
                   A        B        C        D        E       F      G
               +--------+--------+--------+--------+--------+-----+--------+
         Total |   3210 |   3153 |     57 |    352 |   1675 |   5 |  642.0 |
       Dungeon |   3210 |   3153 |     57 |    352 |   1675 |   5 |  642.0 |
               +--------+--------+--------+--------+--------+-----+--------+

Top non-repeatable levels by time:
     D:4: 1150 daAuts
     D:1: 1040 daAuts
     D:3: 542 daAuts
     D:2: 385 daAuts
     D:5: 91 daAuts
